 Dungeon Crawl Stone Soup version 0.29-a0-520-gc852659d43 (webtiles) character file.

Game seed: 18008768986447946181

126 Bruhh the Chiller (level 5, -5/37 HPs)
             Began as a Gnoll Ice Elementalist on May 31, 2022.
             Slain by Grinder (8 damage)
             ... on level 3 of the Dungeon.
             The game lasted 00:04:17 (3043 turns).

Bruhh the Chiller (Gnoll Ice Elementalist)          Turns: 3043, Time: 00:04:18

Health: -5/37      AC:  9    Str:  8    XL:     5   Next: 10%
Magic:  7/12       EV: 13    Int: 16    God:
Gold:   131        SH:  0    Dex: 12    Spells: 7/14 levels left

rFire   . . .      SeeInvis .   i - +3 dagger
rCold   . . .      Faith    .   (no shield)
rNeg    . . .      Spirit   .   a - +0 robe
rPois   .          Reflect  .   (no helmet)
rElec   .          Harm     .   (no cloak)
rCorr   .          Rampage  .   (no gloves)
Will    .....                   (no boots)
Stlth   +++.......              (no amulet)
HPRegen 0.12/turn               (no ring)
MPRegen 0.13/turn               (no ring)

@: ice-armoured, freezing walls, flying
A: fangs 1, strong nose, distributed training
a: no special abilities


You were on level 3 of the Dungeon.
You visited 1 branch of the dungeon, and saw 3 of its levels.

You collected 131 gold pieces.

Inventory:

Hand Weapons
 i - a +3 dagger (weapon)
Armour
 a - a +0 robe (worn)
Scrolls
 c - 3 scrolls of magic mapping
 d - 4 scrolls of identify {unknown}
 e - a scroll of silence {unknown}
 f - a scroll of amnesia {unknown}
 g - a scroll of poison {unknown}
Potions
 b - 2 potions of magic
 h - a potion of brilliance


   Skills:
 + Level 1.3 Fighting
 + Level 1.3 Short Blades
 + Level 1.3 Long Blades
 + Level 1.3 Axes
 + Level 1.3 Maces & Flails
 + Level 1.3 Polearms
 + Level 1.3 Staves
 + Level 1.3 Slings
 + Level 1.3 Bows
 + Level 1.3 Crossbows
 + Level 1.3 Throwing
 + Level 1.3 Armour
 + Level 4.7 Dodging
 + Level 4.3 Stealth
 + Level 1.3 Shields
 + Level 1.3 Unarmed Combat
 + Level 5.1 Spellcasting
 + Level 1.1 Conjurations
 + Level 1.1 Hexes
 + Level 1.1 Summonings
 + Level 1.1 Necromancy
 + Level 1.1 Translocations
 + Level 1.1 Transmutations
 + Level 1.1 Fire Magic
 + Level 7.1 Ice Magic
 + Level 1.1 Air Magic
 + Level 1.1 Earth Magic
 + Level 1.1 Poison Magic
 + Level 1.5 Invocations
 + Level 1.3 Evocations


You had 7 spell levels left.
You knew the following spells:

 Your Spells              Type           Power      Damage    Failure   Level
a - Freeze                Ice            100%       1d11      1%          1
b - Frozen Ramparts       Ice            54%        1d7       2%          3
c - Ozocubu's Armour      Ice            27%        N/A       2%          3

Your spell library contained the following spells:

 Spells                   Type           Power      Damage    Failure   Level
 Ensorcelled Hibernation  Hex/Ice        34%        N/A       4%          2
 Sting                    Tmut/Pois      28%        1d4       10%         1
 Poisonous Vapours        Pois/Air       14%        N/A       14%         2
 Hailstorm                Conj/Ice       17%        3d6       26%         4
 Spider Form              Tmut/Pois      7%         N/A       28%         3
 Anguish                  Hex/Necr       3%         N/A       67%         4
 Olgreb's Toxic Radiance  Pois           7%         N/A       67%         4


Dungeon Overview and Level Annotations

Branches:
Dungeon (3/15)

Altars:

Annotations:
D:3 Grinder


Innate Abilities, Weirdness & Mutations

You have very sharp teeth.
Your uncanny sense of smell can sniff out nearby items.
Your experience applies equally to all skills.


Message History

The wall freezes Grinder but does no damage.
Grinder gestures at you.
You suddenly lose the ability to move!
Grinder completely resists.
The wall freezes Grinder but does no damage.
Grinder completely resists.
The wall freezes Grinder but does no damage.
Grinder gestures at you.
You shrug off the repeated paralysis!
You can move again.
Unknown command.
Unknown command.
You hit Grinder.
Grinder is lightly wounded.
Grinder completely resists.
The wall freezes Grinder but does no damage.
Grinder zaps a wand.
The puff of flame hits you. The heat melts your icy armour.
You closely miss Grinder.
Grinder is lightly wounded.
Grinder resists.
The wall freezes Grinder.
Grinder gestures at you. Pain shoots through your body!
Unknown command.
You hit Grinder.
Grinder is lightly wounded.
Grinder resists.
The wall freezes Grinder.
Grinder barely misses you.
As you read the scroll labelled GOSCHUV QYWEXA, it crumbles to dust.
You feel aware of your surroundings.
It was a scroll of magic mapping.
Grinder completely resists.
The wall freezes Grinder but does no damage.
Grinder gestures at you. Pain shoots through your body!
* * * LOW HITPOINT WARNING * * *
It was a potion of flight.
You feel very buoyant.
You fly up into the air.
Grinder completely resists.
The wall freezes Grinder but does no damage.
Grinder hits you!
You die...

######## #......########
#......5@.....##
#......######..#######
#(.....#######.......####
######..........####....#
######.5.^...#####.. *****
#.....#..######
*,,,*******#......#...#..†
*,,,**,,,,................
*,..###**#######..........


You could see Grinder.

Vanquished Creatures
  Jessica (D:2)
  Robin (D:3)
  An adder (D:2)
  3 dart slugs
  An orc (D:3)
  6 endoplasms
  2 giant cockroaches
  17 goblins
  8 hobgoblins
  4 quokkas
  2 ball pythons
  6 bats
  2 frilled lizards
  6 kobolds
  8 rats
68 creatures vanquished.

Notes
Turn   | Place    | Note
-------+----------+-------------------------------------------
     0 | D:1      | Bruhh the Gnoll Ice Elementalist began the quest for the
                  | Orb.
     0 | D:1      | Reached XP level 1. HP: 13/13 MP: 6/6
   340 | D:1      | Reached XP level 2. HP: 18/19 MP: 5/7
  1080 | D:1      | Reached XP level 3. HP: 25/25 MP: 7/9
  1169 | D:2      | Learned a level 3 spell: Frozen Ramparts
  1170 | D:2      | Reached skill level 5 in Spellcasting
  1174 | D:2      | Learned a level 3 spell: Ozocubu's Armour
  1641 | D:2      | Reached skill level 1 in Invocations
  1697 | D:2      | Found a faded altar of an unknown god.
  1913 | D:2      | Noticed Jessica
  1918 | D:2      | Killed Jessica
  1919 | D:2      | Reached skill level 1 in Fighting
  1919 | D:2      | Reached skill level 1 in Short Blades
  1919 | D:2      | Reached skill level 1 in Long Blades
  1919 | D:2      | Reached skill level 1 in Axes
  1919 | D:2      | Reached skill level 1 in Maces & Flails
  1919 | D:2      | Reached skill level 1 in Polearms
  1919 | D:2      | Reached skill level 1 in Staves
  1919 | D:2      | Reached skill level 1 in Slings
  1919 | D:2      | Reached skill level 1 in Bows
  1919 | D:2      | Reached skill level 1 in Crossbows
  1919 | D:2      | Reached skill level 1 in Throwing
  1919 | D:2      | Reached skill level 1 in Armour
  1919 | D:2      | Reached skill level 1 in Shields
  1919 | D:2      | Reached skill level 1 in Unarmed Combat
  1919 | D:2      | Reached skill level 1 in Evocations
  1919 | D:2      | Reached XP level 4. HP: 30/32 MP: 8/11
  2138 | D:3      | Identified the +1 helmet of Paranoia {rPois}
  2138 | D:3      | Noticed Robin
  2298 | D:3      | Reached skill level 1 in Conjurations
  2298 | D:3      | Reached skill level 1 in Hexes
  2298 | D:3      | Reached skill level 1 in Summonings
  2298 | D:3      | Reached skill level 1 in Necromancy
  2298 | D:3      | Reached skill level 1 in Translocations
  2298 | D:3      | Reached skill level 1 in Transmutations
  2298 | D:3      | Reached skill level 1 in Fire Magic
  2298 | D:3      | Reached skill level 1 in Air Magic
  2298 | D:3      | Reached skill level 1 in Earth Magic
  2298 | D:3      | Reached skill level 1 in Poison Magic
  2302 | D:3      | Killed Robin
  2475 | D:3      | Reached XP level 5. HP: 37/37 MP: 6/12
  2541 | D:3      | Noticed Grinder
  3015 | D:3      | Paralysed by Grinder for 3 turns
  3036 | D:3      | Paralysed by Grinder for 3 turns
  3043 | D:3      | Slain by Grinder

Illustrated notes

Levels and vault maps discovered:
D:1:      minmay_arrival_radiant_lines, layout_loops_ring
D:2:      layout_basic, shapermc_ecumenical_altar_gd,
          chequers_serial_rivers_micro_c, minmay_misc_feat_encased, uniq_jessica
D:3:      layout_rooms, columned_hall_lemuel, kennysheep_generic_room_6,
          uniq_grinder, uniq_robin

Skill      XL: |  1  2  3  4 |
---------------+-------------+-----
Spellcasting   | 5 |  5.1
Invocations    | 1 |  1.5
Fighting       | 1 |  1.3
Short Blades   | 1 |  1.3
Long Blades    | 1 |  1.3
Axes           | 1 |  1.3
Maces & Flails | 1 |  1.3
Polearms       | 1 |  1.3
Staves         | 1 |  1.3
Slings         | 1 |  1.3
Bows           | 1 |  1.3
Crossbows      | 1 |  1.3
Throwing       | 1 |  1.3
Armour         | 1 |  1.3
Shields        | 1 |  1.3
Unarmed Combat | 1 |  1.3
Evocations     | 1 |  1.3
Conjurations   | 1 |  1.1
Hexes          | 1 |  1.1
Summonings     | 1 |  1.1
Necromancy     | 1 |  1.1
Translocations | 1 |  1.1
Transmutations | 1 |  1.1
Fire Magic     | 1 |  1.1
Air Magic      | 1 |  1.1
Earth Magic    | 1 |  1.1
Poison Magic   | 1 |  1.1
Dodging        | |  4.7
Stealth        | |  4.3
Ice Magic      | |  7.1

Action                   |  1- 3 |  4- 6 || total
-------------------------+-------+-------++-------
Melee: Unarmed           |    17 |     9 ||    26
       Bite              |     1 |     4 ||     5
       Dagger            |       |    13 ||    13
       Punch             |       |     1 ||     1
 Cast: Freeze            |    46 |    27 ||    73
       Ozocubu's Armour  |       |     5 ||     5
       Frozen Ramparts   |       |     5 ||     5
  Use: Potion            |       |     2 ||     2
       Scroll            |       |     1 ||     1
 Stab: Sleeping          |     2 |     1 ||     3
Armor: Robe              |     3 |    13 ||    16
Dodge: Dodged            |    27 |    37 ||    64

Table legend: (Time is in decaauts)
 A = Elapsed time spent in this place.
 B = Non-inter-level travel time spent in this place.
 C = Inter-level travel time spent in this place.
 D = Time resting spent in this place.
 E = Time spent auto-exploring this place.
 F = Levels seen in this place.
 G = Mean time per level.
                   A        B        C        D        E       F      G
               +--------+--------+--------+--------+--------+-----+--------+
         Total |   3022 |   2891 |    131 |    214 |   2259 |   3 | 1007.3 |
       Dungeon |   3022 |   2891 |    131 |    214 |   2259 |   3 | 1007.3 |
               +--------+--------+--------+--------+--------+-----+--------+

Top non-repeatable levels by time:
     D:2: 1389 daAuts
     D:1: 1119 daAuts
     D:3: 513 daAuts
